 Dungeon Crawl Stone Soup version 0.21-a0-81-gc5150db (webtiles) character file.

2281411 GordonOverkill the Conqueror (level 27, 273/273 HPs)
             Began as a Pale Draconian Berserker on June 23, 2017.
             Was the Champion of Trog.
             Escaped with the Orb
             ... and 4 runes!
             The game lasted 02:53:34 (80419 turns).

GordonOverkill the Conqueror (DrBe)                Turns: 80419, Time: 02:53:34

Health: 273/273    AC: 26    Str: 24    XL:     27
Magic:  11/11      EV: 41    Int: 17    God:    Trog [******]
Gold:   1803       SH: 40    Dex: 23    Spells: 26/26 levels left

rFire    + . .     SeeInvis +   b - +9 broad axe (antimagic)
rCold    + . .     Gourm    .   U - +8 large shield {AC+3}
rNeg     . . .     Faith    .   (armour unavailable)
rPois    .         Spirit   .   S - +2 hat
rElec    +         Reflect  +   Y - +2 cloak {rC+}
rCorr    .         Harm     .   N - +2 pair of gloves
MR       ++...                  t - +1 pair of boots {run}
Stlth    +.........             p - +5 amulet of reflection
HPRegen  0.55/turn              g - ring "Puoculu" {rElec rF+ Int+4}
MPRegen  0.12/turn              Q - ring of Gori Ane {MP+9 EV+5 Int+3 Dex+2 SInv}

@: quick
A: breathe steam, unfitting armour, camouflage 1, agile 1, clever 1, low mp 1,
cold-blooded, AC +13
0: Orb of Zot
}: 4/15 runes: decaying, silver, abyssal, gossamer
a: Breathe Steam, Berserk, Trog's Hand, Brothers in Arms, Burn Spellbooks,
Renounce Religion


You escaped.
You worshipped Trog.
Trog was exalted by your worship.
You were not hungry.

You visited 8 branches of the dungeon, and saw 46 of its levels.
You visited the Abyss 1 time.
You also visited: Labyrinth and Ice Cave.

You collected 10220 gold pieces.
You spent 8417 gold pieces at shops.

Inventory:

Hand Weapons
 a - a +9 broad axe of electrocution
 b - a +9 antimagic broad axe (weapon)
 M - a +7 vampiric broad axe
Missiles
 k - 7 throwing nets (quivered)
Armour
 t - a +1 pair of boots of running (worn)
 N - a +2 pair of gloves (worn)
 P - a +2 pair of boots of flying
 S - a +2 hat (worn)
 U - a +8 large shield of protection (worn)
 Y - a +2 cloak of cold resistance (worn)
Jewellery
 g - the ring "Puoculu" (left hand) {rElec rF+ Int+4}
   (You bought it in a shop on level 1 of the Depths)

   [ring of protection from fire]

   It affects your intelligence (+4).
   It protects you from fire.
   It insulates you from electricity.
 m - the ring "Falahots" {rCorr Str+4 Dex+6 Stlth+}
   (You acquired it on level 1 of the Spider Nest)

   [ring of resist corrosion]

   It affects your strength (+4).
   It affects your dexterity (+6).
   It makes you more stealthy.
 p - a +5 amulet of reflection (around neck)
 v - the ring of Eternal Night {rElec rPois MR+ Dex-4 Slay+2}
   (You bought it in a shop on level 1 of the Depths)

   [ring of poison resistance]

   It affects your dexterity (-4).
   It affects your accuracy and damage with ranged weapons and melee attacks
   (+2).
   It insulates you from electricity.
   It protects you from poison.
   It affects your resistance to hostile enchantments.
 A - the ring "Hilofeo" {rC+ Str+3}
   (You took it off a necromancer on level 5 of the Vaults)

   [ring of strength]

   It affects your strength (+3).
   It protects you from cold.
 Q - the ring of Gori Ane (right hand) {MP+9 EV+5 Int+3 Dex+2 SInv}
   (You bought it in a shop on level 12 of the Dungeon)

   [ring of evasion]

   It affects your evasion (+5).
   It affects your intelligence (+3).
   It affects your dexterity (+2).
   It affects your magic capacity (+9).
   It lets you see invisible.
 V - an uncursed amulet of regeneration
Wands
 c - a wand of digging (6/24)
 r - a wand of digging (4/24)
 L - a wand of digging (3/24)
Scrolls
 e - 5 scrolls of teleportation
 j - 2 scrolls of brand weapon
 n - 10 scrolls of magic mapping
 o - a scroll of silence
 q - 15 scrolls of remove curse
 w - a scroll of enchant armour
 y - 5 scrolls of fear
 C - 9 scrolls of fog
 H - 6 scrolls of recharging
 O - 8 scrolls of blinking
 T - 11 scrolls of identify
 W - a scroll of holy word
Potions
 f - 11 potions of lignification
 h - a potion of flight
 i - 5 potions of agility
 l - 21 potions of curing
 D - 2 potions of invisibility
 E - 3 potions of resistance
 F - a potion of mutation
 G - 3 potions of berserk rage
 I - 5 potions of cancellation
 J - 9 potions of heal wounds
Comestibles
 d - 28 meat rations
 z - 11 bread rations


   Skills:
 O Level 27 Fighting
 - Level 19.0 Axes
 + Level 26.9 Dodging
 O Level 27 Shields
 - Level 8.4 Evocations


You had 26 spell levels left.
You didn't know any spells.

Dungeon Overview and Level Annotations

Branches:
Dungeon (15/15)            Temple (0/1) D:6            Lair (6/6) D:8
  Swamp (4/4) Lair:4       Spider (4/4) Lair:3        Slime (0/5) Lair:5
    Orc (2/2) D:10            Elf (0/3) Orc:2        Vaults (5/5) D:13
  Crypt (0/3) Vaults:3     Depths (5/5) D:15            Zot (5/5) Depths:5

Altars:
Ashenzari
Cheibriados
Dithmenos
Elyvilon
Fedhas
Gozag
Kikubaaqudgha
Makhleb
Okawaru
Qazlal
Sif Muna
Uskayaw
Vehumet
Beogh

Shops:
D:12 *   D:15 [   Orc:1 =   Orc:2 (([?   Vaults:1 !*?[   Vaults:3 ?}}
Vaults:4 *[[   Depths:1 ==}   Depths:4 [

Portals:
Hell: Depths:1 Depths:2 Depths:3 Depths:4 Depths:5
Abyss: Depths:1 Depths:2 Depths:3 Depths:4 Depths:5
Pandemonium: Depths:2 Depths:3
Ziggurat: Depths:2
Trove: Vaults:3 (show slimy rune of Zot)


Innate Abilities, Weirdness & Mutations

You can breathe blasts of scalding, opaque steam.
Your pale cyan-grey scales are hard. (AC +13)
You cannot fit into any form of body armour.
You are cold-blooded and may be slowed by cold attacks.
Your skin changes colour to match your surroundings (Stealth+).
You are agile. (Dex +2)
Your mind is acute. (Int +2)
Your magical capacity is low. (-10% MP)


Message History

No target in view!
No target in view!
There is a stone staircase leading up here.
You climb upwards.
There is a stone staircase leading down here.
A toenail golem comes into view.
You slash the toenail golem!
The toenail golem is moderately damaged.
You block the toenail golem's attack.
You slice the toenail golem!!
The toenail golem is almost destroyed.
You slice the toenail golem!!
You destroy the toenail golem!
Trog accepts your kill.
No target in view!
No target in view!
There is an open door here.
You see here a club.
There is a staircase leading out of the dungeon here.
You have escaped!

#.#
#########.################
....................)..(.#
.........................#
..###########..#######...#
..# ###..##### #...#
..##### #........###...#
......#####..............#
................@..###...#
..........#........# #...#
......###.####..#### #...#
......# #.# #..# #...#
##...## #.# #..# #...#
##...####.####..######...#
.........................#
.........................#
##########################


There were no monsters in sight!

Vanquished Creatures
  A seraph (Zot:5)
  6 orbs of fire
  9 ancient liches
  Mara (Depths:4)
  3 pandemonium lords
  Boris (Vaults:2)
  Saint Roka (Orc:2)
  4 Killer Klowns
  A curse toe (Zot:5)
  10 golden dragons
  A profane servitor (Abyss:3)
  5 bone dragons
  the Enchantress (Depths:4)
  2 Tzitzimimeh
  5 electric golems
  23 tentacled monstrosities
  3 liches
  A Hell Sentinel (Abyss:3)
  2 Ice Fiends
  24 Orb Guardians
  4 titans
  6 quicksilver dragons
  The ghost of Rrauwl the Markscentaur, an adept CeHu of Okawaru (Vaults:2)
  12 tentacled starspawn (Abyss:3)
  9 death cobs
  An Executioner (Abyss:4)
  5 sphinxes
  19 storm dragons
  Agnes (D:14)
  Kirke (Swamp:3)
  2 thorn hunters
  11 tengu reavers
  Donald (Spider:4)
  A revenant (Abyss:3)
  13 draconian monks
  9 fire giants
  9 shadow dragons
  6 draconian shifters
  5 draconian knights
  6 draconian scorchers
  7 emperor scorpions
  5 deep elf sorcerers
  11 frost giants
  9 ghost moths
  21 vault wardens
  2 deep elf elementalists
  4 angels (Depths:2)
  5 cacodemons
  An emperor scorpion (shapeshifter) (Vaults:4)
  A balrug (Zot:3)
  8 draconian annihilators
  A juggernaut zombie (Depths:2)
  3 war gargoyles
  A reaper (Zot:5)
  6 spriggan defenders
  22 stone giants
  18 very ugly things
  24 ironheart preservers
  7 draconian stormcallers
  7 entropy weavers
  4 deep elf demonologists
  13 green draconians
  17 black draconians
  9 vampire knights
  8 purple draconians
  A dire elephant (shapeshifter) (Vaults:5)
  A deep elf annihilator (Vaults:5)
  11 yellow draconians
  17 white draconians
  A lorocyproca (Depths:2)
  14 red draconians
  23 spark wasps
  A blizzard demon (Abyss:3)
  Snorg (Orc:1)
  A merfolk javelineer (Depths:5)
  A green death (Depths:5)
  A crystal guardian (Vaults:1)
  13 fire dragons
  14 ettins
  A minotaur (Lab)
  Josephine (D:14)
  20 yaktaur captains
  4 deep elf high priests (Vaults:5)
  3 deep elf death magi
  8 jiangshi
  2 merfolk impalers
  37 vault guards
  2 hell beasts
  13 hydras
  15 rakshasas
  15 ice dragons
  12 great orbs of eyes
  Erolcha (D:9)
  2 ghost crabs (Swamp:4)
  A quicksilver dragon skeleton (Abyss:3)
  Erica (D:9)
  An ice dragon (shapeshifter) (Depths:5)
  3 catoblepae
  A naga warrior (Abyss:3)
  6 alligators
  11 centaur warriors
  2 death knights
  3 dancing weapons
  6 spriggan air magi
  A satyr (Abyss:3)
  17 ogre magi
  5 deep troll shamans
  32 thrashing horrors
  29 two-headed ogres
  4 tengu warriors
  13 deep troll earth magi
  5 vampire magi
  14 death yaks (Lair:6)
  13 spriggan berserkers
  8 hell hogs (Abyss:3)
  2 orc high priests (Orc:2)
  A titan zombie (Abyss:3)
  2 sun demons
  2 iron trolls (Depths:1)
  9 deep elf knights
  19 wretched stars
  3 fire crabs
  9 sixfirhies
  2 soul eaters
  7 shadow wraiths
  9 spatial maelstroms
  42 large abominations
  4 unseen horrors
  5 hell knights
  2 fire crabs (shapeshifter)
  4 spriggan druids
  A cherub (Zot:5)
  2 death drakes
  20 skeletal warriors
  35 deep trolls
  2 death drakes (shapeshifter) (Vaults:5)
  A gelid demonspawn (Depths:3)
  7 glowing orange brains
  6 flayed ghosts
  An infernal demonspawn (Depths:3)
  3 shadow demons (Depths:3)
  6 deep elf archers
  6 swamp dragons
  A harpy (shapeshifter) (Vaults:4)
  A golden dragon zombie (Abyss:3)
  Pikel (D:6)
  3 spectral hydras (Swamp:4)
  9 wizards
  A lindwurm (Lair:6)
  3 oklob plants
  9 phantasmal warriors
  19 orb spiders
  16 orc knights
  19 ironbrand convokers
  A sphinx zombie (Vaults:4)
  15 necromancers
  A wolf spider zombie (D:12)
  An orb spider (shapeshifter) (Depths:2)
  An anaconda skeleton (Abyss:3)
  17 deep elf magi
  29 wolf spiders
  A frost giant zombie (Depths:2)
  2 orc sorcerers
  An iron dragon zombie (D:15)
  66 slime creatures
  A mana viper (Abyss:3)
  3 fauns (Depths:4)
  42 ugly things
  A sphinx skeleton (Depths:2)
  10 worldbinders
  2 manticores
  32 moths of wrath
  A dire elephant zombie (Abyss:3)
  A fire giant zombie (Abyss:3)
  An iron dragon skeleton (Depths:2)
  8 cyclopes
  7 elephants
  A cyclops (shapeshifter) (Depths:1)
  3 black mambas
  2 guardian serpents (shapeshifter)
  A toenail golem (D:1)
  A guardian serpent (Abyss:3)
  4 ice statues
  2 centaur zombies
  2 fire giant skeletons
  A naga mage (Abyss:3)
  A rust devil (Depths:1)
  A human skeleton (Vaults:5)
  5 torpor snails (Lair:6)
  9 centaur skeletons
  A stone giant skeleton (Vaults:5)
  4 apocalypse crabs
  2 spiny frogs (shapeshifter)
  18 spiny frogs
  11 vault sentinels
  7 orange demons
  9 smoke demons
  2 gargoyles
  3 rime drakes (Lair:6)
  3 efreet
  71 yaktaurs
  2 hellions
  2 kobold demonologists
  16 demonic crawlers
  7 komodo dragons
  2 golden dragon simulacra (IceCv)
  A tengu conjurer (Depths:4)
  7 ice devils
  13 ancient zymes
  15 freezing wraiths
  5 hellwings
  A swamp worm zombie (Swamp:4)
  4 anaconda simulacra (IceCv)
  A queen bee (shapeshifter) (Vaults:1)
  A troll (shapeshifter) (Vaults:2)
  8 catoblepas skeletons (Abyss:5)
  A tormentor (Abyss:3)
  4 hydra zombies (Swamp:4)
  36 jumping spiders
  A jumping spider (shapeshifter) (Vaults:2)
  A harpy skeleton (Abyss:3)
  A wind drake (shapeshifter) (Abyss:3)
  2 wolf spider simulacra
  30 hornets
  8 trolls
  A polar bear (Lair:4)
  11 tyrant leeches
  Grinder (D:6)
  4 alligator zombies (Swamp:4)
  22 raiju
  17 blink frogs
  11 hippogriffs
  10 bog bodies
  A fire dragon zombie (D:15)
  4 dream sheep (Lair:5)
  2 spectral swamp dragons (Swamp:4)
  A deep troll skeleton (D:15)
  21 spriggans
  A frost giant simulacrum (Depths:2)
  The ghost of MackTheKnife the Gusty, an amateur TeAE (D:4)
  2 flying skulls
  A tarantella (shapeshifter) (Vaults:5)
  20 tarantellas
  36 redbacks
  A fire giant simulacrum (Depths:2)
  77 starcursed masses
  An ettin skeleton (Vaults:5)
  2 spriggans (shapeshifter)
  10 shadows
  3 air elementals
  3 wyverns
  14 wraiths
  A vampire (D:15)
  12 ynoxinuls (Abyss:3)
  A hog (Swamp:3)
  A hog (shapeshifter) (Depths:1)
  A fire bat (shapeshifter) (Vaults:5)
  4 fire bats (Abyss:3)
  A golden eye (shapeshifter) (Depths:4)
  19 humans (D:13)
  A dire elephant simulacrum (IceCv)
  31 yaks
  An elf zombie (Vaults:5)
  2 golden eyes (Abyss:3)
  2 human simulacra
  7 hungry ghosts
  3 basilisks
  13 chaos spawn
  A steam dragon (Lair:6)
  35 vampire mosquitoes
  7 neqoxecs
  A warg (shapeshifter) (Vaults:1)
  Menkaure (D:5)
  16 spatial vortices
  14 swamp worms
  3 human zombies
  7 wargs
  An acid dragon (shapeshifter) (Depths:4)
  19 insubstantial wisps
  2 iron troll simulacra (IceCv)
  A naga (Abyss:3)
  3 harpy simulacra (IceCv)
  3 acid dragons
  A water moccasin (shapeshifter) (Vaults:1)
  2 soldier ants (shapeshifter)
  4 hydra simulacra (IceCv)
  4 hell hounds (Zot:3)
  10 water moccasins
  2 swamp dragon zombies (Swamp:4)
  A hornet zombie (D:10)
  5 porcupines
  6 swamp drakes
  A necrophage (D:10)
  8 phantoms
  8 sky beasts
  3 black bears
  10 ice beasts
  An ogre (shapeshifter) (Depths:2)
  3 slaves (D:6)
  53 orc warriors
  3 ettin simulacra (IceCv)
  21 wolves
  10 boggarts
  37 ogres
  The ghost of MirrMurr the Poker, an amateur GnSk (D:3)
  5 eyes of draining
  36 centaurs
  11 crocodiles
  7 big kobolds
  Blork the orc (D:6)
  19 bullfrogs
  10 earth elementals (Abyss:5)
  A wyvern zombie (D:9)
  A water moccasin zombie (D:9)
  5 scorpions
  An orc simulacrum (Vaults:1)
  7 killer bees
  An elephant simulacrum (IceCv)
  4 howler monkeys
  9 wights
  2 electric eels
  3 bullfrog zombies
  4 draconian simulacra (IceCv)
  10 crimson imps
  4 quasits
  5 jellies
  38 orc priests
  7 hounds
  45 orc wizards
  3 bullfrog skeletons
  4 iron imps
  5 iguanas
  10 worker ants
  A polar bear simulacrum (IceCv)
  A killer bee zombie (D:7)
  3 centaur simulacra (IceCv)
  35 small abominations
  3 hound skeletons
  2 worker ant zombies
  A howler monkey zombie (D:10)
  11 gnolls
  A howler monkey skeleton (D:4)
  15 adders
  A naga simulacrum (IceCv)
  2 swamp drake zombies (Swamp:4)
  4 shadow imps
  11 white imps
  13 ufetubi
  2 adder zombies
  2 adder skeletons
  4 worms
  2 dart slugs
  6 leopard geckos
  117 orcs
  3 ball pythons
  6 giant cockroaches
  13 goblins
  6 hobgoblins
  9 jackals
  37 kobolds
  10 quokkas
  9 bats
  5 frilled lizards
  A jackal skeleton (D:4)
  A jackal zombie (D:5)
  2 leopard gecko skeletons
  A quokka skeleton (D:5)
  10 rats
  5 briar patches (Swamp:4)
  4 fungi
  14 plants
  11 starspawn tentacles (Abyss:3)
  A withered plant (D:15)
3052 creatures vanquished.

Vanquished Creatures (collateral kills)
  A fire giant (Vaults:4)
  A vault warden (Vaults:4)
  A skeletal warrior (D:11)
  A death drake (shapeshifter) (Vaults:4)
  An orc knight (Orc:2)
  3 orc warriors (Orc:2)
  An orc priest (Orc:2)
  An orc wizard (Orc:2)
  An orc (Orc:2)
11 creatures vanquished.

Vanquished Creatures (others)
  A tentacled monstrosity (Vaults:5)
  A lich (Depths:2)
  2 draconian knights
  2 stone giants (Vaults:5)
  Nessos (D:13)
  A deep elf annihilator (Vaults:5)
  A spark wasp (Depths:4)
  4 yaktaur captains
  2 hell hogs (Abyss:3)
  2 vampire magi
  2 cyclopes
  A vault sentinel (Vaults:1)
  A human zombie (Vaults:5)
  2 kobold demonologists (D:14)
  12 yaktaurs
  A hornet (Depths:4)
  2 raiju
  3 humans (Swamp:3)
  2 golden eyes (Abyss:3)
  A water moccasin (Lair:5)
  An ice beast (shapeshifter) (Vaults:5)
  A centaur (D:5)
  An ogre (Depths:2)
  2 big kobolds (D:14)
  5 small abominations (Abyss:3)
  An ufetubus (Abyss:3)
  2 orcs
  2 kobolds (D:14)
  10 fungi (Lair:6)
  A lurking horror (Abyss:3)
  28 plants
  15 starspawn tentacles (Abyss:3)
113 creatures vanquished.

Grand Total: 3176 creatures vanquished

Notes
Turn   | Place    | Note
-------+----------+-------------------------------------------
     0 | D:1      | GordonOverkill the Draconian Berserker began the quest for the Orb.
     0 | D:1      | Reached XP level 1. HP: 19/19 MP: 1/1
   456 | D:1      | Reached XP level 2. HP: 21/26 MP: 2/2
   861 | D:2      | Found a burning altar of Makhleb.
   974 | D:2      | Found a deep blue altar of Sif Muna.
  1010 | D:2      | Found a radiant altar of Vehumet.
  1088 | D:2      | Reached XP level 3. HP: 33/33 MP: 3/3
  1348 | D:2      | Reached ** piety under Trog
  1908 | D:3      | Reached XP level 4. HP: 41/41 MP: 4/4
  2481 | D:3      | Reached XP level 5. HP: 47/47 MP: 5/5
  2776 | D:3      | Reached skill level 5 in Fighting
  2858 | D:3      | Reached *** piety under Trog
  3155 | D:3      | Noticed MirrMurr's ghost (amateur GnSk)
  3162 | D:3      | Killed MirrMurr's ghost
  3162 | D:3      | Reached XP level 6. HP: 56/56 MP: 6/6
  3388 | D:4      | Reached skill level 5 in Axes
  3736 | D:4      | Noticed MackTheKnife's ghost (amateur TeAE)
  3751 | D:4      | Killed MackTheKnife's ghost
  3751 | D:4      | Your scales start taking on a pale cyan-grey colour.
  3751 | D:4      | Reached XP level 7. HP: 48/62 MP: 7/7
  4136 | D:4      | Found a shattered altar of Ashenzari.
  4277 | D:4      | Found an ancient bone altar of Kikubaaqudgha.
  4439 | D:5      | Entered Level 5 of the Dungeon
  4807 | D:5      | Reached skill level 1 in Shields
  4969 | D:5      | Reached **** piety under Trog
  5347 | D:5      | Reached XP level 8. HP: 70/70 MP: 8/8
  5350 | D:5      | Reached skill level 5 in Dodging
  5654 | D:5      | Noticed Menkaure
  5658 | D:5      | Killed Menkaure
  5767 | D:6      | Found an iron altar of Okawaru.
  5785 | D:6      | Noticed Blork the orc
  5796 | D:6      | Killed Blork the orc
  5796 | D:6      | Received a gift from Trog
  5901 | D:6      | Found a blossoming altar of Fedhas.
  5926 | D:6      | Noticed Pikel
  5948 | D:6      | Killed Pikel
  5948 | D:6      | Reached XP level 9. HP: 79/79 MP: 9/9
  6147 | D:6      | Found a shadowy altar of Dithmenos.
  6181 | D:6      | Found a blossoming altar of Fedhas.
  6249 | D:6      | Reached skill level 5 in Shields
  6648 | D:6      | Noticed Grinder
  6664 | D:6      | Killed Grinder
  6669 | D:6      | Found a staircase to the Ecumenical Temple.
  7015 | D:7      | Found an opulent altar of Gozag.
  7332 | D:7      | Reached ***** piety under Trog
  7801 | D:8      | Reached XP level 10. HP: 78/88 MP: 10/10
  7861 | D:8      | Reached skill level 10 in Axes
  7996 | D:8      | Found a staircase to the Lair.
  8932 | D:9      | Noticed Erica
  8939 | D:9      | Killed Erica
  9487 | D:9      | Noticed a two-headed ogre
  9498 | D:9      | Killed a two-headed ogre
  9498 | D:9      | Reached XP level 11. HP: 97/97 MP: 9/11
 10106 | D:9      | Noticed Erolcha
 10114 | D:9      | Killed Erolcha
 10833 | D:10     | Entered Level 10 of the Dungeon
 10863 | D:10     | Received a gift from Trog
 11084 | D:10     | Noticed a two-headed ogre
 11102 | D:10     | Killed a two-headed ogre
 11102 | D:10     | Reached skill level 10 in Fighting
 11658 | D:10     | Found a staircase to the Orcish Mines.
 11794 | D:10     | Noticed a two-headed ogre
 11800 | D:10     | Killed a two-headed ogre
 12821 | D:11     | Noticed a centaur warrior
 12831 | D:11     | Killed a centaur warrior
 13471 | D:11     | Noticed a skeletal warrior
 13473 | D:11     | Noticed a skeletal warrior
 13473 | D:11     | Noticed a skeletal warrior
 13473 | D:11     | Noticed a skeletal warrior
 13473 | D:11     | Noticed a skeletal warrior
 13486 | D:11     | Killed a skeletal warrior
 13680 | D:11     | Killed a skeletal warrior
 13680 | D:11     | Reached XP level 12. HP: 108/108 MP: 12/12
 13894 | D:11     | Received a gift from Trog
 14683 | D:12     | Noticed a two-headed ogre
 14688 | D:12     | Killed a two-headed ogre
 14795 | D:12     | Found Docusa's Assorted Antiques.
 14889 | D:12     | Bought a scroll of blinking for 142 gold pieces
 14889 | D:12     | Bought a pair of embroidered boots for 142 gold pieces
 14889 | D:12     | Bought a wavering steel ring for 95 gold pieces
 14901 | D:12     | Identified the ring of Gori Ane {MP+9 EV+5 Int+3 Dex+2 SInv} (You bought it in a shop on level 12 of the Dungeon)
 15273 | D:12     | Noticed a two-headed ogre
 15280 | D:12     | Killed a two-headed ogre
 15310 | D:12     | Reached skill level 10 in Dodging
 15535 | D:13     | Reached skill level 1 in Evocations
 15652 | D:13     | Noticed Nessos
 15664 | D:13     | Killed Nessos
 15666 | D:13     | Found a runed door.
 15847 | D:13     | Noticed a two-headed ogre
 15852 | D:13     | Killed a two-headed ogre
 15852 | D:13     | Reached skill level 15 in Axes
 15852 | D:13     | Reached XP level 13. HP: 118/118 MP: 14/14
 16558 | D:13     | Received a gift from Trog
 16599 | D:13     | Found a gate to the Vaults.
 16985 | D:13     | Noticed a fire dragon
 16994 | D:13     | Killed a fire dragon
 16994 | D:13     | Reached skill level 5 in Evocations
 17381 | D:14     | Reached ****** piety under Trog
 17399 | D:14     | Noticed Josephine
 17400 | D:14     | Found a shadowy altar of Dithmenos.
 17412 | D:14     | Killed Josephine
 17484 | D:14     | Found a labyrinth entrance.
 17496 | Lab      | Entered a labyrinth
 17709 | Lab      | Noticed a minotaur
 17719 | Lab      | Killed a minotaur
 18020 | D:14     | Noticed Agnes
 18039 | D:14     | Killed Agnes
 18104 | D:14     | Found a stormy altar of Qazlal.
 18113 | D:14     | Reached XP level 14. HP: 129/129 MP: 18/18
 18529 | D:15     | Entered Level 15 of the Dungeon
 18883 | D:15     | Found a snail-covered altar of Cheibriados.
 18912 | D:15     | Found Zireerph's Armour Boutique.
 19012 | D:15     | Received a gift from Trog
 19058 | D:15     | Found a staircase to the Depths.
 19509 | D:15     | Found a white marble altar of Elyvilon.
 20509 | Lair:1   | Entered Level 1 of the Lair of Beasts
 22265 | Lair:3   | Found a hole to the Spider Nest.
 23087 | Lair:4   | Found a staircase to the Swamp.
 23162 | Lair:4   | Received a gift from Trog
 24229 | Lair:5   | Reached XP level 15. HP: 139/139 MP: 21/21
 25089 | Lair:5   | Found a staircase to the Slime Pits.
 25386 | Lair:6   | Entered Level 6 of the Lair of Beasts
 25678 | Lair:6   | Received a gift from Trog
 25683 | Lair:6   | Reached skill level 15 in Fighting
 27308 | Lair:6   | Found a runed door.
 27733 | Lair:6   | Received a gift from Trog
 28372 | Orc:1    | Entered Level 1 of the Orcish Mines
 28382 | Orc:1    | Noticed Snorg
 28404 | Orc:1    | Killed Snorg
 28636 | Orc:1    | Found Ashuzxac's Jewellery Shoppe.
 28860 | Orc:2    | Entered Level 2 of the Orcish Mines
 28940 | Orc:2    | Found a staircase to the Elven Halls.
 28982 | Orc:2    | Found a roughly hewn altar of Beogh.
 29058 | Orc:2    | Found a roughly hewn altar of Beogh.
 29166 | Orc:2    | Found a roughly hewn altar of Beogh.
 29182 | Orc:2    | Found Ryowown's Weapon Shop.
 29249 | Orc:2    | Noticed Saint Roka
 29260 | Orc:2    | Received a gift from Trog
 29292 | Orc:2    | Found a roughly hewn altar of Beogh.
 29310 | Orc:2    | Reached XP level 16. HP: 47/149 MP: 22/22
 29995 | Orc:2    | Found a roughly hewn altar of Beogh.
 30092 | Orc:2    | Found a roughly hewn altar of Beogh.
 30092 | Orc:2    | Found Qoutex's Magic Scroll Boutique.
 30147 | Orc:2    | Killed Saint Roka
 30147 | Orc:2    | Reached skill level 10 in Shields
 30486 | Orc:2    | Bought a scroll of enchant weapon for 135 gold pieces
 30486 | Orc:2    | Bought a scroll of magic mapping for 63 gold pieces
 30486 | Orc:2    | Bought a scroll of fear for 63 gold pieces
 30486 | Orc:2    | Bought a scroll of fog for 36 gold pieces
 30518 | Orc:2    | Received a gift from Trog
 30590 | Orc:2    | Found Totagew's Antique Armour Shoppe.
 30591 | Orc:2    | Found a roughly hewn altar of Beogh.
 30592 | Orc:2    | Found Jiboeb's Antique Weapon Emporium.
 30599 | Orc:2    | Bought a pair of glowing gloves for 240 gold pieces
 30610 | Orc:2    | Bought a crystal war axe for 204 gold pieces
 30610 | Orc:2    | Identified the +1 war axe "Xuathrio" {holy, Int+2} (You bought it in a shop on level 2 of the Orcish Mines)
 30650 | Orc:2    | Found a roughly hewn altar of Beogh.
 30794 | Orc:2    | Found a roughly hewn altar of Beogh.
 30892 | Orc:1    | Bought an uncursed ring of poison resistance for 300 gold pieces
 30892 | Orc:1    | Bought an uncursed ring of protection from fire for 375 gold pieces
 31113 | Swamp:1  | Entered Level 1 of the Swamp
 32718 | Swamp:2  | Received a gift from Trog
 32746 | Swamp:2  | Noticed a thorn hunter
 32758 | Swamp:2  | Killed a thorn hunter
 33418 | Swamp:3  | Identified a scroll of acquirement
 33421 | Swamp:3  | Got a warped garnet amulet
 33422 | Swamp:3  | Identified the amulet "Pougg" {Faith *Corrode rC+ SInv} (You acquired it on level 3 of the Swamp)
 33437 | Swamp:3  | Noticed Kirke
 33443 | Swamp:3  | Killed Kirke
 34171 | Swamp:4  | Entered Level 4 of the Swamp
 34174 | Swamp:4  | Found a frozen archway.
 34224 | IceCv    | Entered an ice cave
 35009 | IceCv    | Noticed an Ice Fiend
 35035 | IceCv    | Killed an Ice Fiend
 35035 | IceCv    | Reached XP level 17. HP: 68/156 MP: 23/23
 36555 | Swamp:4  | Noticed a bone dragon
 36587 | Swamp:4  | Killed a bone dragon
 36859 | Swamp:4  | Got a decaying rune of Zot
 37237 | Vaults:1 | Entered Level 1 of the Vaults
 37308 | Vaults:1 | Found Maocw's Assorted Antiques.
 37340 | Vaults:1 | Bought a scroll of enchant armour for 322 gold pieces
 37340 | Vaults:1 | Bought a potion of curing for 129 gold pieces
 37463 | Vaults:1 | Found Vycarhiy's Distillery.
 37513 | Vaults:1 | Bought a potion of resistance for 130 gold pieces
 37736 | Vaults:1 | Reached skill level 15 in Shields
 37762 | Vaults:1 | Received a gift from Trog
 38131 | Vaults:1 | Reached XP level 18. HP: 155/162 MP: 24/24
 38714 | Vaults:1 | Found Rachyff's Magic Scroll Shoppe.
 38722 | Vaults:1 | Bought a scroll of enchant armour for 112 gold pieces
 38722 | Vaults:1 | Bought 2 scrolls of enchant weapon for 225 gold pieces
 39231 | Vaults:1 | Found Ecunyl Piom's Armour Shoppe.
 39734 | Vaults:1 | Received a gift from Trog
 40084 | Vaults:1 | Reached skill level 15 in Dodging
 41089 | Spider:1 | Entered Level 1 of the Spider Nest
 41093 | Spider:1 | Got a faintly glowing marble ring
 41094 | Spider:1 | Identified the ring "Falahots" {rCorr Str+4 Dex+6 Stlth+} (You acquired it on level 1 of the Spider Nest)
 42863 | Spider:2 | Received a gift from Trog
 43049 | Spider:2 | Reached XP level 19. HP: 142/169 MP: 25/25
 43735 | Spider:3 | Got a warped graven amulet
 43736 | Spider:3 | Identified the amulet of Jaam {rElec rF- Regen+ Str+4} (You acquired it on level 3 of the Spider Nest)
 43998 | Spider:4 | Entered Level 4 of the Spider Nest
 44215 | Spider:4 | Noticed Donald
 44233 | Spider:4 | Killed Donald
 44738 | Spider:4 | Received a gift from Trog
 45474 | Spider:4 | Got a gossamer rune of Zot
 46665 | Vaults:2 | Noticed Boris
 46676 | Vaults:2 | Killed Boris
 47058 | Vaults:2 | Noticed Rrauwl's ghost (adept CeHu)
 47071 | Vaults:2 | Killed Rrauwl's ghost
 47238 | Vaults:2 | Received a gift from Trog
 47249 | Vaults:2 | Reached XP level 20. HP: 179/179 MP: 26/26
 48309 | Vaults:3 | Received a gift from Trog
 48408 | Vaults:3 | Paralysed by an ogre mage for 2 turns
 48773 | Vaults:3 | Found Ynkihyh's Magic Scroll Shop.
 48787 | Vaults:3 | Bought a scroll of magic mapping for 56 gold pieces
 48787 | Vaults:3 | Bought a scroll of brand weapon for 320 gold pieces
 48787 | Vaults:3 | Bought a scroll of holy word for 120 gold pieces
 48787 | Vaults:3 | Bought a scroll of magic mapping for 56 gold pieces
 48787 | Vaults:3 | Bought 2 scrolls of magic mapping for 112 gold pieces
 48819 | Vaults:3 | Found a portal to a secret trove of treasure.
 49137 | Vaults:3 | Received a gift from Trog
 49141 | Vaults:3 | Got an ichor-stained lajatang
 49142 | Vaults:3 | Identified the cursed +3 lajatang "Daagups" {slice, +Fly Int-4 Dex+3 SInv} (You found it on level 3 of the Vaults)
 49696 | Vaults:3 | Found a staircase to the Crypt.
 49717 | Vaults:3 | Found Uscho's Gadget Shoppe.
 49734 | Vaults:3 | Found Piwn's Gadget Shop.
 49820 | Vaults:4 | Got a faintly glowing brass ring
 49821 | Vaults:4 | Identified the ring of Loejoiti {*Tele +Blink Int+7} (You found it on level 4 of the Vaults)
 49847 | Vaults:4 | Found Gozag's Antique Armour Boutique.
 49863 | Vaults:4 | Found an opulent altar of Gozag.
 49863 | Vaults:4 | Found Gozag's Antique Armour Shop.
 50006 | Vaults:4 | Found Gozag's Assorted Antiques.
 50058 | Vaults:4 | Received a gift from Trog
 50163 | Vaults:4 | Reached XP level 21. HP: 160/195 MP: 27/27
 50584 | Vaults:4 | Bought a scroll labeled QOASMI QOVAA for 100 gold pieces
 50584 | Vaults:4 | Bought a scroll of teleportation for 300 gold pieces
 50623 | Vaults:4 | Bought a jewelled buckler for 950 gold pieces
 50647 | Vaults:4 | Bought a scroll of identify for 200 gold pieces
 50648 | Vaults:4 | Identified the cursed +0 buckler of Hureada {MR++ Str-2} (You bought it in a shop on level 4 of the Vaults)
 50863 | Vaults:4 | Received a gift from Trog
 51807 | Depths:1 | Entered Level 1 of the Depths
 51815 | Depths:1 | Paralysed by a great orb of eyes for 4 turns
 52303 | Depths:1 | Got a flickering tin ring
 52304 | Depths:1 | Identified the cursed ring of the Moon {AC-3 Dex+3} (You found it on level 1 of the Depths)
 52451 | Depths:1 | Found a gateway to Hell.
 52930 | Depths:1 | Found Joqokaj's Jewellery Emporium.
 52933 | Depths:1 | Found Rarch's Gadget Boutique.
 52934 | Depths:1 | Found Noivieb's Jewellery Emporium.
 52942 | Depths:1 | Bought the amulet of the Air {Inacc +Fly rElec EV+5 RMsl} for 761 gold pieces
 52948 | Depths:1 | Bought the ring "Puoculu" {rElec rF+ Int+4} for 853 gold pieces
 52954 | Depths:1 | Bought the ring of Eternal Night {rElec rPois MR+ Dex-4 Slay+2} for 712 gold pieces
 53017 | Depths:1 | Found a one-way gate to the infinite horrors of the Abyss.
 53089 | Depths:1 | Received a gift from Trog
 53396 | Depths:1 | Found a shattered altar of Ashenzari.
 53972 | Depths:2 | Received a gift from Trog
 53996 | Depths:2 | Reached XP level 22. HP: 172/212 MP: 28/28
 54464 | Depths:2 | Found a one-way gate leading to the halls of Pandemonium.
 54628 | Depths:2 | Paralysed by an ogre mage for 7 turns
 54850 | Depths:2 | Paralysed by a vampire knight for 7 turns
 55801 | Depths:2 | Received a gift from Trog
 55807 | Depths:2 | Found a gateway to a ziggurat.
 56273 | Depths:2 | Got a pair of heavily runed boots
 56284 | Depths:2 | Identified the +5 pair of boots of Light {rF- MR++ rCorr Dex-3} (You acquired it on level 2 of the Depths)
 56524 | Depths:3 | Paralysed by a great orb of eyes for 2 turns
 56739 | Depths:3 | Found a shadowy altar of Dithmenos.
 56746 | Depths:3 | Got a flickering amber ring
 57021 | Depths:3 | Got a glittering pewter amulet
 57023 | Depths:3 | Identified the ring "Leymagh" {rPois rN+ MP+9 Stlth+} (You took it off a rakshasa on level 3 of the Depths)
 57044 | Depths:3 | Paralysed by a vampire knight for 3 turns
 58902 | Depths:4 | Received a gift from Trog
 58935 | Depths:4 | Reached XP level 23. HP: 182/225 MP: 29/29
 59788 | Depths:4 | Received a gift from Trog
 59902 | Depths:4 | Identified the amulet "Paecu" {RegenMP rN++ MP-9 Dex+3} (You found it on level 3 of the Depths)
 60030 | Depths:4 | Noticed the Enchantress
 60042 | Depths:4 | Killed the Enchantress
 60170 | Depths:4 | Found Apsucick's Antique Armour Shoppe.
 60191 | Depths:4 | Bought a glowing large shield for 240 gold pieces
 60191 | Depths:4 | Bought a pair of runed gloves for 240 gold pieces
 60223 | Depths:4 | Cast into level 2 of the Abyss (a wizard)
 60296 | Abyss:2  | Found an ornate altar of the Wu Jian Council.
 60484 | Abyss:3  | Reached XP level 24. HP: 190/237 MP: 29/29
 60749 | Abyss:3  | Gained mutation: Your body sometimes deteriorates upon taking damage. [a neqoxec]
 60754 | Abyss:3  | Gained mutation: You are resistant to hostile enchantments. (MR+) [a neqoxec]
 60802 | Abyss:3  | Received a gift from Trog
 61315 | Abyss:3  | Received a gift from Trog
 61897 | Abyss:3  | Paralysed by accursed screaming for 1 turns
 62026 | Abyss:3  | Received a gift from Trog
 62026 | Abyss:3  | Reached XP level 25. HP: 187/249 MP: 29/29
 62723 | Abyss:3  | Gained mutation: You occasionally shout uncontrollably at your foes. [a neqoxec]
 62789 | Abyss:3  | Received a gift from Trog
 63672 | Abyss:3  | Received a gift from Trog
 63863 | Abyss:3  | Paralysed by accursed screaming for 1 turns
 64403 | Abyss:3  | Received a gift from Trog
 64803 | Abyss:4  | Reached skill level 27 in Fighting
 64895 | Abyss:5  | Entered Level 5 of the Abyss
 64901 | Abyss:5  | Received a gift from Trog
 65186 | Abyss:5  | Got an abyssal rune of Zot
 65198 | Depths:4 | Escaped the Abyss
 65441 | Depths:4 | Noticed Mara
 65456 | Depths:4 | Noticed GordonOverkill's illusion
 65460 | Depths:4 | Killed Mara
 65460 | Depths:4 | Reached XP level 26. HP: 256/266 MP: 29/29
 65485 | Depths:4 | Found a hide-covered altar of Uskayaw.
 66096 | Depths:5 | Entered Level 5 of the Depths
 66211 | Depths:5 | Received a gift from Trog
 66969 | Depths:5 | Found a gate to the Realm of Zot.
 67718 | Zot:1    | Entered Level 1 of the Realm of Zot
 68491 | Zot:1    | Received a gift from Trog
 68789 | Zot:1    | Noticed an orb of fire
 68801 | Zot:1    | Gained mutation: You are dopey. (Int -2) [an orb of fire]
 68811 | Zot:1    | Killed an orb of fire
 70084 | Zot:2    | Reached XP level 27. HP: 259/273 MP: 29/29
 70802 | Zot:2    | Received a gift from Trog
 71059 | Zot:2    | Reached skill level 27 in Shields
 71456 | Vaults:1 | Bought a potion of mutation for 104 gold pieces
 71456 | Vaults:1 | Bought a potion of curing for 39 gold pieces
 71456 | Vaults:1 | Bought a potion of curing for 39 gold pieces
 71456 | Vaults:1 | Bought a potion of agility for 52 gold pieces
 71602 | Orc:1    | Bought an uncursed amulet of regeneration for 450 gold pieces
 71832 | Vaults:5 | Entered Level 5 of the Vaults
 71973 | Vaults:5 | Noticed an ancient lich
 72062 | Vaults:5 | Received a gift from Trog
 72065 | Vaults:5 | Killed an ancient lich
 72083 | Vaults:5 | Noticed an ancient lich
 72276 | Vaults:5 | Killed an ancient lich
 72470 | Vaults:5 | Received a gift from Trog
 73242 | Vaults:5 | Got a silver rune of Zot
 73630 | Vaults:5 | Noticed an ancient lich
 73647 | Vaults:5 | Killed an ancient lich
 73797 | Vaults:5 | Identified a +0 pair of boots of running (You found it on level 5 of the Vaults)
 74260 | Vaults:5 | Got a serpentine platinum ring
 75578 | Zot:3    | Received a gift from Trog
 75659 | Zot:3    | Identified the ring "Hilofeo" {rC+ Str+3} (You took it off a necromancer on level 5 of the Vaults)
 77102 | Zot:5    | Entered Level 5 of the Realm of Zot
 77246 | Zot:5    | Noticed an ancient lich
 77259 | Zot:5    | Killed an ancient lich
 78037 | Zot:5    | Noticed an ancient lich
 78048 | Zot:5    | Killed an ancient lich
 78059 | Zot:5    | Noticed an ancient lich
 78075 | Zot:5    | Killed an ancient lich
 78816 | Zot:5    | Noticed an ancient lich
 78853 | Zot:5    | Killed an ancient lich
 78853 | Zot:5    | Received a gift from Trog
 78856 | Zot:5    | Noticed an orb of fire
 78864 | Zot:5    | Gained mutation: You do not regenerate when monsters are visible. [an orb of fire]
 78870 | Zot:5    | Gained mutation: Your magical capacity is low. (-10% MP) [an orb of fire]
 78877 | Zot:5    | Killed an orb of fire
 79010 | Zot:5    | Noticed an orb of fire
 79036 | Zot:5    | Killed an orb of fire
 79061 | Zot:5    | Noticed an orb of fire
 79075 | Zot:5    | Killed an orb of fire
 79135 | Zot:5    | Noticed an ancient lich
 79154 | Zot:5    | Noticed an orb of fire
 79158 | Zot:5    | Gained mutation: Scrolls take you a little longer to read. [an orb of fire]
 79162 | Zot:5    | Killed an ancient lich
 79185 | Zot:5    | Killed an orb of fire
 79240 | Zot:5    | Lost mutation: Scrolls take you a little longer to read. [potion of mutation]
 79240 | Zot:5    | Lost mutation: Your body sometimes deteriorates upon taking damage. [potion of mutation]
 79240 | Zot:5    | Lost mutation: You occasionally shout uncontrollably at your foes. [potion of mutation]
 79240 | Zot:5    | Lost mutation: Your magical capacity is low. (-10% MP) [potion of mutation]
 79240 | Zot:5    | Lost mutation: You are resistant to hostile enchantments. (MR+) [potion of mutation]
 79240 | Zot:5    | Lost mutation: You are dopey. (Int -2) [potion of mutation]
 79240 | Zot:5    | Gained mutation: Your skin changes colour to match your surroundings (Stealth+). [potion of mutation]
 79240 | Zot:5    | Gained mutation: You are robust. (+10% HP) [potion of mutation]
 79240 | Zot:5    | Lost mutation: You are robust. (+10% HP) [potion of mutation]
 79240 | Zot:5    | Gained mutation: You have a pair of small antennae on your head. [potion of mutation]
 79241 | Zot:5    | Lost mutation: You have a pair of small antennae on your head. [potion of mutation]
 79241 | Zot:5    | Lost mutation: You do not regenerate when monsters are visible. [potion of mutation]
 79241 | Zot:5    | Gained mutation: You are agile. (Dex +2) [potion of mutation]
 79241 | Zot:5    | Gained mutation: Your mind is acute. (Int +2) [potion of mutation]
 79376 | Zot:5    | Noticed an orb of fire
 79397 | Zot:5    | Killed an orb of fire
 79406 | Zot:5    | Got the Orb of Zot
 79434 | Zot:5    | Noticed a seraph
 79445 | Zot:5    | Noticed Dufed the pandemonium lord
 79459 | Zot:5    | Killed a seraph
 79464 | Zot:5    | Killed Dufed the pandemonium lord
 79583 | Zot:3    | Noticed Dairr the pandemonium lord
 79616 | Zot:3    | Killed Dairr the pandemonium lord
 79691 | Zot:1    | Noticed Eqos the pandemonium lord
 79829 | Depths:3 | Gained mutation: Your magical capacity is low. (-10% MP) [a cacodemon]
 79898 | Depths:1 | Noticed Zeil the pandemonium lord
 79898 | Depths:1 | Noticed an ancient lich
 79911 | Depths:1 | Killed an ancient lich
 79917 | Depths:1 | Killed Zeil the pandemonium lord
 79967 | D:15     | Noticed Luet the pandemonium lord
 80023 | D:15     | Noticed Ucviwih the pandemonium lord
 80181 | D:9      | Noticed Laxoke the pandemonium lord
 80419 | D:$      | Escaped with the Orb!

Vault maps used:
D:1:      dpeg_arrival_boxes_within_box
D:2:      vehumet_crystals, old_standard_altar, led_sif_pool
D:3:      kennysheep_the_goblin_king
D:4:      kiku_gazebo_pond_becter, lemuel_doored_altar
D:5:      first_bread, st_stairs_3, uniq_menkaure
D:6:      kennysheep_mini_moat, old_standard_altar, marbit_many_paths,
          minmay_temple_entry_nine_rooms, fedhas_bush_and_centaur_altar,
          uniq_pikel, uniq_grinder, uniq_blork_the_orc
D:7:      nicolae_overflow_hidden_temple
D:8:      erik_lair_orcish_takeover, the_bakery
D:9:      minmay_curly_fans, uniq_erica, uniq_erolcha
D:10:     orc_0_dummy
D:12:     serial_shops, nicolae_shop_window_shopping
D:13:     grunt_vaults_entry_tiered, lightli_airlock, uniq_nessos
D:14:     nicolae_dithmenos_the_darkroom, lab_entry_generic,
          nicolae_qazlal_eye_of_the_storm, uniq_josephine, uniq_agnes
D:15:     gammafunk_depths_entry_grave, serial_shops, shop, serial_glass,
          glass_columns_b, glass_columns_b, basic_altar, cheibriados_altar_1
Lair:2:   grunt_forest_stairs_basic, lemuel_old_faithful, serial_bayou_shore_b,
          minmay_lair_oklob_chamber, grunt_megastairs_4
Lair:3:   spider_nest_entry_rubble
Lair:4:   swamp_mist, lemuel_fruit_fields, lemuel_fruit_fields,
          serial_bayou_shore_b
Lair:5:   minmay_slime_entry_oklob_enclosed, minivault_23
Lair:6:   wormcave, guppyfry_lair_end_dragon, infiniplex_staircase_pool_2,
          serial_bayou_shore_a, grunt_megastairs_3
Swamp:1:  evilmike_swamp_ruin_rubble_1, swamp_pool2, infiniplex_staircase_pool
Swamp:2:  evilmike_swamp_ruin_wall
Swamp:3:  evilmike_swamp_ruin_house_2, uniq_kirke
Swamp:4:  swamp_pestilence, portal_ice_cave_entry_ice_statue_two, swamp_pool1
Spider:4: grunt_spider_rune_island, uniq_donald
Orc:1:    serial_shops, shop, uniq_snorg
Orc:2:    grunt_orc_community_town_hall, grunt_orc_community_big_house_2,
          grunt_orc_community_big_house_1, grunt_orc_community_house_3,
          grunt_orc_community_house_3, grunt_orc_community_house_1,
          grunt_orc_community_house_2, grunt_orc_community_house_3, basic_altar,
          bh_open_orc_temple
Vaults:1: st_greater_box_5, vaults_room_door_hall, v_misc_3, v_rooms_2,
          vaults_room_boxed, vaults_room_fours, ontoclasm_vaults_spin,
          serial_shops, nicolae_shop_overgrown_old_shop, shop,
          nicolae_shop_behind_doors, shop
Vaults:2: vaults_room_fours, v_rooms_4, vaults_dpeg_hooks,
          hangedman_vaults_corner, ontoclasm_vaults_chip,
          nicolae_vaults_what_the_h, hangedman_vaults_stitches,
          ontoclasm_vaults_ring_small, nicolae_vaults_inception_statues,
          nicolae_vaults_little_squares_6, ontoclasm_vaults_fault,
          ontoclasm_vaults_gateway, uniq_boris
Vaults:3: ontoclasm_vaults_tryst, hangedman_vaults_stretched_pinwheel,
          nicolae_vaults_triangles, minmay_crypt_entry_simple_round,
          nicolae_vaults_shelves_hall, nicolae_vaults_ninety_degrees,
          nicolae_vaults_inception_corners, ontoclasm_vaults_claustrophobia,
          v_misc_11, ontoclasm_vaults_loading_screen, vaults_mumra_minichess,
          vaults_dpeg_diagonal, vaults_mumra_hexcomb,
          nicolae_vaults_shelves_hall, serial_shops, shop, shop,
          nicolae_shop_trees, enter_trove_1
Vaults:4: v_misc_23, vaults_dpeg_spiral, nicolae_vaults_hallways_thing,
          v_misc_10, kennysheep_vaults_gozag_temple,
          nicolae_vaults_mini_display_case, hangedman_vaults_slither,
          nicolae_vaults_alarming, nicolae_vaults_ring_of_whatevers,
          nicolae_vaults_yaktaur_gun_rack, nicolae_vaults_circle_grid_b,
          v_rooms_6, portal_desolation_entry_garden
Vaults:5: uniq_saint_roka
Depths:1: minmay_ambush_box, hell_entry, abyss_entry,
          nicolae_ashenzari_panopticon, moated_statue, serial_bayou_pond_a,
          minmay_holes, st_stairs_14, dispersion_dpeg, minmay_shop_grove
Depths:2: hangedman_cross_cluster, enter_ziggurat_d, rand_demon_pan_entry_3,
          hell_entry, minmay_misc_feat_secret_circle, abyss_entry
Depths:3: regret_index_dithmenos_brocken_genspenst, serial_sigils,
          serial_sigils_hangedman_snap, serial_sigils_hangedman_etch,
          serial_sigils_hangedman_leer, serial_sigils_hangedman_gut,
          serial_sigils_hangedman_shear, rand_demon_pan_entry_8,
          hangedman_abyss_entry_splay, hell_entry, minmay_misc_feat_cross,
          stair_cage_line, grunt_decor_arrowhead
Depths:4: grunt_forest_end_chambers, serial_shops, nicolae_shop_behind_doors,
          abyss_entry, lemuel_crystal_altar, grunt_hell_entry_dis_grunt,
          minmay_staircase_bubble, uniq_mara
Depths:5: evilmike_zot_entry_round, hangedman_geh_valley,
          hangedman_decor_lopped, abyss_entry
Zot:1:    nicolae_zot_stationary_front
Zot:2:    hangedman_spider_trapstep
Zot:3:    nicolae_zot_crop_circle
Zot:4:    grunt_ministairs_9
Abyss:3:  minivault_20
Abyss:4:  evilmike_abyss_rune_elephants_shrine
Abyss:5:  evilmike_abyss_exit_chaos, hangedman_abyss_rune_flesh_and_stone,
          gammafunk_abyss_exit_x_factor
Lab:      nicolae_lab_stuck
IceCv:    ice_cave_caverns_01

Skill      XL: |  1  2  3  4  5  6  7  8  9 10 11 12 13 14 15 16 17 18 19 20 21 22 23 24 25 26 27 |
---------------+----------------------------------------------------------------------------------+-----
Dodging        | 3 4 5 6 7 9 10 11 13 15 17 26 | 26.9
Fighting       | 4 5 6 7 8 9 10 12 13 14 15 16 18 21 23 24 25 27 | 27.0
Axes           | 4 5 6 8 9 11 13 15 16 18 19 | 19.0
Shields        | 2 4 5 9 13 15 16 17 18 19 20 21 23 26 27 | 27.0
Evocations     | 2 6 8 |  8.4

Action                   |  1- 3 |  4- 6 |  7- 9 | 10-12 | 13-15 | 16-18 | 19-21 | 22-24 | 25-27 || total
-------------------------+-------+-------+-------+-------+-------+-------+-------+-------+-------++-------
Melee: Hand axe          |   120 |   173 |   322 |       |       |       |       |       |       ||   615
       Tailslap          |    11 |    26 |    51 |   150 |   220 |   311 |   344 |   332 |   792 ||  2237
       War axe           |       |       |    72 |   780 |   107 |       |       |       |       ||   959
       Broad axe         |       |       |       |       |   987 |  1527 |  1559 |  1355 |  3220 ||  8648
       Scimitar          |       |       |       |       |    32 |    31 |       |       |       ||    63
Invok: Berserk           |       |     5 |    13 |    16 |    23 |     9 |    10 |    11 |    18 ||   105
       Burn Spellbooks   |       |       |     1 |     3 |     4 |     2 |     4 |     2 |    10 ||    26
       Trog's Hand       |       |       |       |     2 |     1 |     9 |     7 |     7 |    22 ||    48
       Brothers in Arms  |       |       |       |     1 |     1 |     2 |     1 |       |       ||     5
Evoke: Wand              |       |       |       |       |       |       |     2 |     1 |     7 ||    10
  Use: Scroll            |     2 |       |     5 |    20 |    16 |    24 |    13 |    15 |    23 ||   118
       Potion            |       |       |       |       |     1 |     2 |     1 |     1 |    27 ||    32
 Stab: Sleeping          |     1 |       |     1 |       |     3 |     2 |     3 |       |     1 ||    11
       Distracted        |       |       |       |       |     2 |     4 |     3 |     1 |     6 ||    16
       Invisible         |       |       |       |       |       |       |       |     2 |       ||     2
       Petrified         |       |       |       |       |       |       |       |       |     2 ||     2
       Held in net/web   |       |       |       |       |       |       |       |       |     1 ||     1
  Eat: Chunk             |     3 |     9 |    21 |    37 |    56 |    28 |    41 |    14 |    47 ||   256
       Fruit             |       |       |     4 |     1 |     1 |     9 |       |       |     6 ||    21
       Royal jelly       |       |       |     1 |     2 |     4 |     9 |     1 |     1 |     8 ||    26
       Bread ration      |       |       |       |     1 |       |     1 |     1 |     6 |     5 ||    14
Armor: Skin              |    37 |    35 |    91 |   108 |   161 |   195 |   190 |   115 |   240 ||  1172
Dodge: Dodged            |    84 |    84 |   193 |   401 |   694 |   714 |   811 |   541 |  1163 ||  4685
Block: Other             |    22 |    34 |    26 |       |       |       |       |       |       ||    82
       Reflection        |     1 |     1 |     9 |    40 |    12 |    53 |    63 |    83 |    90 ||   352
       Buckler           |       |       |   128 |   337 |   448 |    47 |       |       |       ||   960
       Shield            |       |       |       |       |       |   995 |   664 |       |       ||  1659
       Large shield      |       |       |       |       |       |       |   703 |  1531 |  3511 ||  5745
       Rpst.: Scimitar   |       |       |       |       |     8 |     7 |       |       |       ||    15
